 Dungeon Crawl Stone Soup version 0.17-a0-229-g5ae695d (webtiles) character file.

99 xeno23 the Conjurer (level 4, 0/33 HPs)
             Began as a Draconian Conjurer on Mar 29, 2015.
             Slain by a hound (6 damage)
             ... on level 4 of the Dungeon.
             The game lasted 00:14:40 (2603 turns).

xeno23 the Conjurer (Draconian Conjurer)            Turns: 2603, Time: 00:14:41

Health: 0/33       AC:  6    Str: 10    XL:     4   Next: 45%
Magic:  1/7        EV: 11    Int: 17    God:
Gold:   125        SH:  0    Dex:  5    Spells: 1 memorised, 6 levels left

rFire  . . .     SeeInvis +     k - +0 short sword (venom)
rCold  . . .     Clarity  .     (armour unavailable)
rNeg   . . .     SustAb   .     (no shield)
rPois  .         Gourm    .     o - +1 hat
rElec  .         Spirit   .     (no cloak)
rCorr  .         Warding  .     (no gloves)
rMut   .         Stasis   .     (no boots)
MR     .....                    (no amulet)
Stlth  +.........               e - ring of see invisible
                                n - -6 ring of dexterity (curse)

@: not resistant to hostile enchantments, very unstealthy
A: unfitting armour, cold-blooded, AC +5
a: no special abilities


You were on level 4 of the Dungeon.
You were hungry.

You visited 1 branch of the dungeon, and saw 4 of its levels.

You collected 125 gold pieces.

Inventory:

Hand weapons
 f - a +0 dagger
 k - a +0 short sword of venom (weapon)
 t - a +0 blowgun
Missiles
 i - 19 stones (quivered)
 j - 4 curare-tipped needles
 m - 12 poisoned needles
Armour
 o - a +1 hat (worn)
Magical staves
 q - an uncursed staff of power
Jewellery
 e - a ring of see invisible (right hand)
 n - a cursed -6 ring of dexterity (left hand)
Scrolls
 r - 2 scrolls of teleportation
Potions
 a - a potion of mutation {unknown}
 d - a potion of heal wounds {unknown}
 g - a potion of lignification {unknown}
 p - a potion of curing {unknown}
 s - a potion of brilliance {unknown}
Books
 c - a book of Conjurations

   Spells                             Type                      Level
   a - Magic Dart                     Conjuration                  1
   b - Searing Ray                    Conjuration                  2
   c - Dazzling Spray                 Conjuration/Hexes            3
   d - Fulminant Prism                Conjuration/Hexes            4
   e - Iskenderun's Mystic Blast      Conjuration                  4
   f - Iskenderun's Battlesphere      Conjuration/Charms           5
Comestibles
 b - 4 bread rations
 h - a chunk of flesh
 l - 3 fruits


   Skills:
 - Level 0.2 Fighting
 - Level 2.1 Dodging
 - Level 1.8 Stealth
 - Level 0.2 Unarmed Combat
 - Level 2.0 Spellcasting
 + Level 5.6 Conjurations


You had 6 spell levels left.
You knew the following spells:

 Your Spells              Type           Power        Failure   Level  Hunger
a - Magic Dart            Conj           ###.         1%          1    #......


Dungeon Overview and Level Annotations

Branches:
Dungeon (4/15)
 Temple: D:4-7

Altars:


Innate Abilities, Weirdness & Mutations

Your plain brown scales are hard (AC +5).
Your body does not fit into most forms of armour.
You are cold-blooded and may be slowed by cold attacks.


Message History

Casting: Magic Dart
Confirm with . or Enter, or press ? or * to list all spells.
Aiming: Magic Dart
Press: ? - help, Shift-Dir - straight line, f/p - hound
Aim: a hound (severely wounded, poisoned)
The magic dart hits the hound.
The hound is severely wounded.
The hound bites you.
* * * LOW HITPOINT WARNING * * *
The hound closely misses you.
You take 1 damage.
Casting: Magic Dart
Confirm with . or Enter, or press ? or * to list all spells.
Aiming: Magic Dart
Press: ? - help, Shift-Dir - straight line, f/p - hound
Aim: a hound (severely wounded, poisoned)
The magic dart hits the hound.
The hound is severely wounded.
The hound bites you.
You die...

# ..# #.. ...
##...##### #.#
#.......<### #.#
###......†.##
##.#
##........####@#
#.........#gh##
#.........†..a#
#.............#
.............#
...........#.#
..........##.#
........## #.#
.......# #


You could see a hound, a worker ant and a goblin.

Vanquished Creatures
  An orc wizard (D:3)
  An adder (D:2)
  An adder zombie (D:1)
  An orc (D:3)
  A ball python (D:4)
  2 bats
  A bat zombie (D:1)
  5 goblins
  9 hobgoblins
  11 jackals (D:2)
  4 giant cockroaches
  2 giant newts (D:1)
  12 kobolds
  A quokka (D:2)
  2 rats
54 creatures vanquished.

Notes
Turn   | Place    | Note
--------------------------------------------------------------
     0 | D:1      | xeno23, the Draconian Conjurer, began the quest for the Orb.
     0 | D:1      | Reached XP level 1. HP: 14/14 MP: 3/3
   323 | D:1      | Reached XP level 2. HP: 20/20 MP: 1/4
  1229 | D:1      | Reached XP level 3. HP: 26/26 MP: 1/6
  1580 | D:2      | Reached skill level 5 in Conjurations
  2538 | D:3      | Reached XP level 4. HP: 26/33 MP: 7/7
  2603 | D:4      | Slain by a hound

Action                   |  1- 3 |  4- 6 || total
-------------------------+-------+-------++-------
Melee: Unarmed           |    73 |       ||    73
       Short sword       |    74 |     8 ||    82
 Cast: Magic Dart        |    51 |     9 ||    60
  Use: Scroll            |     3 |       ||     3
 Stab: Sleeping          |     2 |       ||     2
  Eat: Meat ration       |     1 |       ||     1
       Chunk             |     1 |       ||     1
